Map: Moonlight Madness LE (Void)

Players

llllllllllll - Winner!

  • Race: Terran Terran
  • League: Platinum

Javert

  • Race: Zerg Zerg
  • League: Platinum

VOD

Have the link to the VOD?

Description

Time

  • Played on: Aug. 24, 2015, 12:40 a.m.
  • Length: 7:30
Show
View Real Time Build Order
Export as new Build Order

llllllllllll Terran - Winner!

Build Orders: 1/1/1, Liberator Opening 

Get SALT Encoding   

  12  0:01  SCV  
  13  0:13  SCV  
  14  0:18  Supply Depot  
  14  0:25  SCV  
  15  0:29  Refinery  
  15  0:40  SCV  
  16  0:46  Barracks  
  16  0:52  SCV  
  17  0:57  Refinery  
  17  1:04  SCV  
  18  1:16  SCV  
  19  1:28  SCV  
  20  1:35  Factory, Marine  
  21  1:40  Orbital Command  
  21  1:49  Supply Depot  
  21  1:53  Marine  
  22  2:11  Marine  
  23  2:25  Factory Tech Lab, Starport  
  23  2:28  SCV  
  23  2:29  Marine  
  25  2:40  SCV  
  26  2:45  Siege Tank  
  29  2:55  SCV  
  30  3:01  Medivac  
  32  3:12  Supply Depot  
  32  3:24  Barracks Reactor  
  32  3:32  Starport Reactor  
  32  3:38  Armory  
  32  3:40  SCV, Supply Depot  
  33  3:59  Supply Depot, Liberator x2  
  33  4:17  Marine  
  40  4:39  Marine x2  
  40  4:40  Siege Tank  
  45  4:46  Command Center  
  45  4:57  Marine x2  
  47  5:09  SCV  
  47  5:12  Siege Tank  
  51  5:14  Marine  
  51  5:15  Supply Depot, Marine  
  53  5:21  SCV  
  54  5:32  Marine  
  55  5:47  Siege Tank, Marine  
  59  5:50  Marine  
  59  5:56  SCV  
  61  6:01  Orbital Command  
  61  6:09  Supply Depot  
  61  6:16  Liberator  
  61  6:19  Siege Tank  
  61  6:31  Marine  
  56  6:38  Orbital Command  
  59  6:48  Marine x2  
Show
View Real Time Build Order
Export as new Build Order

Javert Zerg 

Build Orders: Hatch First 

Get SALT Encoding   

  12  0:01  Drone  
  13  0:14  Overlord  
  14  0:21  Drone  
  14  0:32  Drone  
  14  0:33  Drone  
  16  0:37  Drone  
  17  0:55  Hatchery  
  17  0:56  Drone  
  17  0:59  Extractor  
  17  1:01  Drone  
  17  1:11  Drone  
  18  1:20  Drone  
  18  1:23  Spawning Pool  
  18  1:34  Drone  
  19  1:42  Drone  
  20  1:53  Drone  
  21  2:03  Overlord  
  21  2:10  Queen x2  
  21  2:11  Metabolic Boost  
  21  2:13  Zergling x4  
  27  2:19  Drone  
  28  2:27  Drone  
  29  2:34  Drone  
  30  2:37  Drone  
  30  2:42  Drone  
  32  2:47  Queen  
  32  2:50  Overlord  
  34  2:57  Drone x2  
  36  3:08  Overlord  
  36  3:14  Extractor  
  36  3:15  Drone x2  
  36  3:18  Queen  
  39  3:23  Overlord  
  39  3:30  Zergling x10  
  44  3:40  Drone  
  45  3:48  Queen  
  45  3:50  Drone x2  
  49  3:56  Drone x3  
  49  3:58  Hatchery, Extractor  
  49  4:18  Spore Crawler  
  48  4:26  Drone  
  48  4:27  Drone x5  
  48  4:30  Lair  
  51  4:43  Drone x3  
  51  4:44  Drone, Spore Crawler  
  54  5:07  Drone  
  54  5:08  Drone x5  
  54  5:10  Overlord  
  60  5:14  Spore Crawler  
  60  5:16  Spore Crawler, Queen x2  
  60  5:17  Spore Crawler  
  60  5:19  Spore Crawler  
  60  5:21  Overlord x2  
  60  5:27  Drone  
  61  5:34  Hydralisk Den  
  60  5:37  Spore Crawler x2  
  60  5:41  Drone, Extractor  
  60  5:42  Drone x6, Extractor  
  57  6:02  Zergling x2  
  57  6:03  Zergling x14  
  65  6:11  Drone x2  
  65  6:22  Overlord  
  61  6:33  Drone x9  
  61  6:38  Queen x2  
  74  6:43  Evolution Chamber x2  
  74  6:46  Hydralisk x3  
  76  6:57  Hydralisk  
  76  6:58  Hydralisk x4  
Tags
 
Add a new tag
Caveats
  • Supply blocks, unpowered buildings, or Contaminate may cause inaccurate times.
  • Supply counts are checked every 10 seconds.